 Dungeon Crawl Stone Soup version 0.29.1 (webtiles) character file.

Game seed: 8437063512068172390

211 pacmanke6689 the Firebug (level 5, -1/38 HPs)
             Began as a Hill Orc Fire Elementalist on Sept 13, 2022.
             Slain by Duvessa
             ... wielding a +0 rapier
              (9 damage)
             ... on level 4 of the Dungeon.
             The game lasted 00:14:05 (4887 turns).

pacmanke6689 the Firebug (HOFE)                     Turns: 4887, Time: 00:14:05

Health: -1/38      AC:  3    Str: 13    XL:     5   Next: 88%
Magic:  5/8        EV: 12    Int: 15    God:
Gold:   250        SH:  0    Dex: 11    Spells: 3/9 levels left

rFire   . . .      SeeInvis .     - Unarmed
rCold   . . .      Faith    .   (no shield)
rNeg    . . .      Spirit   .   n - +1 robe {Will+}
rPois   .          Reflect  .   (no helmet)
rElec   .          Harm     .   (no cloak)
rCorr   .          Rampage  .   (no gloves)
Will    +....                   (no boots)
Stlth   ++........              (no amulet)
HPRegen 0.12/turn               (no ring)
MPRegen 0.11/turn               (no ring)

@: very slightly contaminated
A: no striking features
a: no special abilities


You were on level 4 of the Dungeon.
You visited 1 branch of the dungeon, and saw 4 of its levels.

You collected 250 gold pieces.

Inventory:

Armour
 a - a +0 robe
 n - a +1 robe of willpower (worn)
Scrolls
 c - 2 scrolls of identify
 f - a scroll of silence
 g - a scroll of blinking
 h - a scroll of amnesia {unknown}
 i - 3 scrolls of teleportation {unknown}
 k - a scroll of butterflies
 m - a scroll of vulnerability {unknown}
 p - a scroll of enchant armour {unknown}
 q - a scroll of magic mapping {unknown}
Potions
 b - a potion of magic
 d - a potion of cancellation {unknown}
 e - 2 potions of attraction {unknown}
 j - a potion of degeneration {unknown}
 l - a potion of brilliance {unknown}
 o - a potion of might {unknown}
 r - a potion of heal wounds
 s - a potion of curing {unknown}


   Skills:
 + Level 2.2 Dodging
 + Level 2.0 Stealth
 + Level 2.0 Unarmed Combat
 + Level 2.5 Spellcasting
 + Level 1.9 Conjurations
 + Level 4.8 Fire Magic


You had 3 spell levels left.
You knew the following spells:

 Your Spells              Type           Power      Damage    Failure   Level
a - Foxfire               Conj/Fire      48%        2x1d6     5%          1
b - Scorch                Fire           32%        2d7       4%          2
c - Conjure Flame         Conj/Fire      12%        6-21      16%         3

Your spell library contained the following spells:

 Spells                   Type           Power      Damage    Failure   Level
 Inner Flame              Hex/Fire       9%         N/A       24%         3
 Flame Wave               Conj/Fire      12%        2d6       45%         4


Dungeon Overview and Level Annotations

Branches:
Dungeon (4/15)
 Temple: D:4-7

Altars:

Annotations:
D:4 Duvessa


Message History

Okay, then.
Casting: Scorch (safe; 4% risk of failure)
Confirm with . or Enter, or press ? or * to list all spells.
You conjure some foxfire!
Duvessa, Sister of Dowan comes into view.
She is wielding a +0 rapier.
Duvessa shouts!
Dowan shouts!
Dowan casts a spell.
Dowan blinks!
The foxfire hits Dowan.
Dowan is lightly wounded.
The foxfire hits Dowan but does no damage.
Dowan is lightly wounded.
Casting: Foxfire (safe; 6% risk of failure)
Confirm with . or Enter, or press ? or * to list all spells.
Flames lash Dowan.
Dowan is heavily wounded.
Dowan's fire resistance burns away.
Dowan zaps a wand.
The puff of flame hits you!
Casting: Scorch (safe; 4% risk of failure)
Confirm with . or Enter, or press ? or * to list all spells.
Flames lash Dowan.
Dowan is burned terribly!
You kill Dowan!
Duvessa weeps, and shakes her weapon.
Duvessa goes berserk!
Your Stealth skill increases to level 2!
Your Unarmed Combat skill increases to level 2!
Casting: Scorch (safe; 4% risk of failure)
Confirm with . or Enter, or press ? or * to list all spells.
You miscast Scorch.
You are very lightly contaminated with residual magic.
Nothing appears to happen.
Magic courses through your body. Duvessa hits you with a +0 rapier.
Duvessa hits you with a +0 rapier. Duvessa hits you with a +0 rapier!
* * * LOW HITPOINT WARNING * * *
Casting: Scorch (safe; 4% risk of failure)
Confirm with . or Enter, or press ? or * to list all spells.
The spell is quite dangerous to miscast (16% risk of failure)!
Continue anyway?
The fire begins to smoulder!
Duvessa barely misses you. Duvessa hits you with a +0 rapier!
You die...

<#........... #.#
#.# ####.######..
#.# #.# ####.#
#....# #.# #.#
#....# #....# #.#
#.# .....# #....# #
#.# .....# #....# .#
#.# .....# #..).#
#.# #.# .....#
#....##..# #.#
.....#
#....#@.#########.#
.....#
#....e.###........#
...###
###.#.####.########
...#
#...............
#.....######.#######
..#### #.# #.# #.#
#.#


You could see Duvessa (berserk).

Vanquished Creatures
  Dowan (D:4)
  Crazy Yiuf (D:3)
  Jessica (D:3)
  An adder (D:3)
  3 worms
  4 dart slugs
  2 orcs (D:3)
  5 endoplasms
  5 giant cockroaches (D:1)
  2 goblins
  13 hobgoblins
  9 jackals
  5 kobolds
  3 quokkas
  5 ball pythons
  7 bats
  2 frilled lizards (D:1)
  4 rats
73 creatures vanquished.

Vanquished Creatures (collateral kills)
  4 foxfires (D:3)
4 creatures vanquished.

Vanquished Creatures (others)
  147 foxfires
  30 plants (D:3)
177 creatures vanquished.

Grand Total: 254 creatures vanquished

Notes
Turn   | Place    | Note
-------+----------+-------------------------------------------
     0 | D:1      | pacmanke6689 the Hill Orc Fire Elementalist began the quest
                  | for the Orb.
     0 | D:1      | Reached XP level 1. HP: 14/14 MP: 3/3
   311 | D:1      | Reached XP level 2. HP: 20/20 MP: 1/4
   923 | D:1      | Found a faded altar of an unknown god.
  1039 | D:1      | Reached XP level 3. HP: 25/26 MP: 1/5
  1299 | D:1      | Reached skill level 1 in Unarmed Combat
  1543 | D:2      | Learned a level 2 spell: Scorch
  2262 | D:2      | Reached XP level 4. HP: 33/33 MP: 4/6
  2864 | D:3      | Noticed Jessica
  2879 | D:3      | Killed Jessica
  3062 | D:3      | Found a runed translucent door.
  3063 | D:3      | Noticed Crazy Yiuf
  3380 | D:3      | Reached skill level 4 in Fire Magic
  3380 | D:3      | Reached XP level 5. HP: 38/38 MP: 6/8
  4423 | D:3      | Killed Crazy Yiuf
  4703 | D:4      | Learned a level 3 spell: Conjure Flame
  4877 | D:4      | Noticed Dowan
  4879 | D:4      | Noticed Duvessa
  4882 | D:4      | Killed Dowan
  4887 | D:4      | Slain by Duvessa

Illustrated notes

Levels and vault maps discovered:
D:1:      heliophobic_arrival_ceremonial_halls, layout_loops_ring,
          shapermc_ecumenical_altar_mp_urbaneastern
D:2:      layout_loops_ring
D:3:      layout_basic, serial_bayou, serial_bayou_lagoon_a,
          serial_bayou_ford_a, serial_bayou_crossing, serial_bayou_shore_a,
          uniq_jessica, uniq_crazy_yiuf_cottage
D:4:      layout_basic, serial_shops, nicolae_shop_competitors_out_of_business,
          hangedman_decor_growths, minmay_splitting_lines, minmay_shop_mayhem,
          kennysheep_generic_room_2, uniq_duvessa, uniq_eustachio

Skill      XL: |  1  2  3  4  5 |
---------------+----------------+-----
Unarmed Combat | 1 2 |  2.0
Dodging        | 2 |  2.2
Spellcasting   | 2 |  2.5
Fire Magic     | 4 |  4.8
Stealth        | 2 |  2.0
Conjurations   | |  1.9

Action                   |  1- 3 |  4- 6 || total
-------------------------+-------+-------++-------
Melee: Unarmed           |   119 |    34 ||   153
       Punch             |     3 |       ||     3
 Cast: Foxfire           |    54 |    62 ||   116
       Scorch            |     9 |     5 ||    14
       Conjure Flame     |       |     3 ||     3
  Use: Scroll            |     5 |       ||     5
       Potion            |     2 |     1 ||     3
 Stab: Sleeping          |     1 |       ||     1
Armor: Robe              |    31 |     3 ||    34
Dodge: Dodged            |    99 |    34 ||   133
